TOP OF THE 1ST |
Casper Ghosts batting - Pitching for Red Deer Wranglers : RHP Sloan Numbers
|
Pitching: RHP Sloan Numbers
|
|
Batting: RHB Troy Reed
|
0-0: Called Strike 0-1: Ball 1-1: Ball 2-1: Fly out, F8 (Line Drive, 8RM)
|
Batting: RHB Robert Acosta
|
0-0: Ground out 5-3 (Groundball, 56S)
|
Batting: RHB Jerry Browning
|
0-0: Swinging Strike 0-1: Swinging Strike 0-2: Fly out, F3 (Line Drive, 3)
|
Top of the 1st over - 0 runs, 0 hits, 0 errors, 0 left on base; Casper 0 - Red Deer 0 |
BOTTOM OF THE 1ST |
Red Deer Wranglers batting - Pitching for Casper Ghosts : LHP Juan Martínez
|
Pitching: LHP Juan Martínez
|
|
Batting: RHB Art Cameron
|
0-0: Foul Ball, location: 2F 0-1: Ball 1-1: Called Strike 1-2: Foul Ball, location: 2F 1-2: Strikes out swinging
|
Batting: RHB Pedro Cabrera
|
0-0: Reached on error, E3 (Groundball, 34)
|
Batting: RHB Steve Burton
|
0-0: Ball 1-0: Called Strike 1-1: Ball 2-1: Called Strike 2-2: Ball Pedro Cabrera steals 2nd base 3-2: 2-RUN HOME RUN (Flyball, 7LD), Distance : 334 ft
|
Batting: LHB José López
|
0-0: Ball 1-0: Foul Ball, location: 2F 1-1: Ball 2-1: Ball 3-1: Foul Ball, location: 2F 3-2: Foul Ball, location: 2F 3-2: SINGLE (Groundball, 34D)
|
Batting: RHB Rijk de Rade
|
0-0: Foul Ball, location: 2F 0-1: Swinging Strike 0-2: Ball 1-2: Ball 2-2: Ball 3-2: Fielders Choice at 2nd, 6-4 (Groundball, 6)
|
Batting: RHB Allen Brown
|
0-0: Called Strike 0-1: Ball 1-1: Ball 2-1: Called Strike 2-2: Ball 3-2: Foul Ball, location: 2F 3-2: SINGLE (Line Drive, 78M) Rijk de Rade to second Rijk de Rade to third
|
Batting: SHB Mathew Olson
|
0-0: Called Strike 0-1: Ball 1-1: Ball 2-1: Ball 3-1: Base on Balls Allen Brown to second
|
Batting: LHB Francisco Blanco
|
0-0: Ball 1-0: Foul Ball, location: 2F 1-1: Foul Ball, location: 2F 1-2: Ball Wild Pitch! Rijk de Rade scores Allen Brown to third Mathew Olson to second 2-2: Fly out, F7 (Flyball, 7D)
|
Bottom of the 1st over - 3 runs, 3 hits, 1 error, 2 left on base; Casper 0 - Red Deer 3 |
TOP OF THE 2ND |
Casper Ghosts batting - Pitching for Red Deer Wranglers : RHP Sloan Numbers
|
Now in LF: Rubén Salazar
|
|
Batting: LHB Ralph Cobb
|
0-0: Foul Ball, location: 2F 0-1: Foul Ball, location: 2F 0-2: Ball 1-2: Ball 2-2: Ground out 4-3 (Groundball, 4)
|
Batting: LHB Luis Rodríguez
|
0-0: Ground out 4-3 (Groundball, 4M)
|
Batting: RHB Tommy Allen
|
0-0: Called Strike 0-1: Ball 1-1: Swinging Strike 1-2: Strikes out looking
|
Top of the 2nd over - 0 runs, 0 hits, 0 errors, 0 left on base; Casper 0 - Red Deer 3 |
BOTTOM OF THE 2ND |
Red Deer Wranglers batting - Pitching for Casper Ghosts : LHP Juan Martínez
|
Batting: RHB Valentín Reyes
|
0-0: Ball 1-0: Foul Ball, location: 2F 1-1: Ball 2-1: Foul Ball, location: 2F 2-2: Strikes out swinging
|
Batting: RHB Art Cameron
|
0-0: Called Strike 0-1: Ball 1-1: Foul Ball, location: 2F 1-2: Foul Ball, location: 2F 1-2: Ground out 6-3 (Groundball, 6S)
|
Batting: RHB Pedro Cabrera
|
0-0: Called Strike 0-1: Ball 1-1: Foul Ball, location: 2F 1-2: Ball 2-2: Ball 3-2: SINGLE (Line Drive, 4D)
|
Pitching: LHP Gregory Thompson
|
|
Batting: RHB Steve Burton
|
0-0: Ball 1-0: Fly out, F9 (Flyball, 9D)
|
Bottom of the 2nd over - 0 runs, 1 hit, 0 errors, 1 left on base; Casper 0 - Red Deer 3 |
TOP OF THE 3RD |
Casper Ghosts batting - Pitching for Red Deer Wranglers : RHP Sloan Numbers
|
Batting: SHB Jacob Wilcox
|
0-0: Called Strike 0-1: Ball 1-1: Ball 2-1: Foul Ball, location: 2F 2-2: Strikes out swinging, 2-3 out at first.
|
Batting: RHB Zhong-xian Pai
|
0-0: Ball 1-0: Ball 2-0: Ground out 4-3 (Groundball, 4)
|
Batting: RHB Hunter Plunket
|
0-0: Ball 1-0: Ball 2-0: Foul Ball, location: 2F 2-1: Fly out, F7 (Line Drive, 7)
|
Top of the 3rd over - 0 runs, 0 hits, 0 errors, 0 left on base; Casper 0 - Red Deer 3 |
BOTTOM OF THE 3RD |
Red Deer Wranglers batting - Pitching for Casper Ghosts : LHP Gregory Thompson
|
Batting: LHB Rubén Salazar
|
0-0: Ball 1-0: Foul Ball, location: 2F 1-1: Ball 2-1: Foul Ball, location: 2F 2-2: Ball 3-2: Foul Ball, location: 2F 3-2: Base on Balls
|
Batting: RHB Rijk de Rade
|
0-0: Ball 1-0: Called Strike 1-1: Foul Ball, location: 2F 1-2: Foul Ball, location: 2F 1-2: Strikes out swinging
|
Batting: RHB Allen Brown
|
0-0: Ball Rubén Salazar is caught stealing 2nd base 1-0: Called Strike 1-1: DOUBLE (Line Drive, 9LM)
|
Batting: SHB Mathew Olson
|
0-0: Swinging Strike 0-1: Foul Ball, location: 2F 0-2: Ball 1-2: Ball 2-2: Foul Ball, location: 2F 2-2: Ball 3-2: Ground out 3-1 (Groundball, 34)
|
Bottom of the 3rd over - 0 runs, 1 hit, 0 errors, 1 left on base; Casper 0 - Red Deer 3 |
TOP OF THE 4TH |
Casper Ghosts batting - Pitching for Red Deer Wranglers : RHP Sloan Numbers
|
Batting: RHB Troy Reed
|
0-0: Called Strike 0-1: Ball 1-1: Ball 2-1: Ball 3-1: Ground out 5-3 (Groundball, 5)
|
Batting: RHB Robert Acosta
|
0-0: Ball 1-0: Foul Ball, location: 2F 1-1: Swinging Strike 1-2: Ground out 5-3 (Groundball, 56S)
|
Batting: RHB Jerry Browning
|
0-0: Ground out 6-3 (Groundball, 6)
|
Top of the 4th over - 0 runs, 0 hits, 0 errors, 0 left on base; Casper 0 - Red Deer 3 |
BOTTOM OF THE 4TH |
Red Deer Wranglers batting - Pitching for Casper Ghosts : LHP Gregory Thompson
|
Batting: LHB Francisco Blanco
|
0-0: Called Strike 0-1: Ball 1-1: Swinging Strike 1-2: Strikes out swinging
|
Batting: RHB Valentín Reyes
|
0-0: Called Strike 0-1: Foul Ball, location: 2F 0-2: Ball 1-2: Ball 2-2: Strikes out swinging
|
Batting: RHB Art Cameron
|
0-0: Ball 1-0: Ball 2-0: Ball 3-0: Called Strike 3-1: Foul Ball, location: 2F 3-2: Fly out, F9 (Flyball, 9S)
|
Bottom of the 4th over - 0 runs, 0 hits, 0 errors, 0 left on base; Casper 0 - Red Deer 3 |
TOP OF THE 5TH |
Casper Ghosts batting - Pitching for Red Deer Wranglers : RHP Sloan Numbers
|
Batting: LHB Ralph Cobb
|
0-0: Called Strike 0-1: Called Strike 0-2: Fly out, F8 (Flyball, 8LS)
|
Batting: LHB Luis Rodríguez
|
0-0: Ball 1-0: Foul Ball, location: 2F 1-1: Foul Ball, location: 2F 1-2: Ball 2-2: Ball 3-2: SINGLE (Groundball, 4MD)
|
Batting: RHB Tommy Allen
|
0-0: Grounds into double play, 6-4-3 (Groundball, 6)
|
Top of the 5th over - 0 runs, 1 hit, 0 errors, 0 left on base; Casper 0 - Red Deer 3 |
BOTTOM OF THE 5TH |
Red Deer Wranglers batting - Pitching for Casper Ghosts : LHP Gregory Thompson
|
Pitching: RHP Willie Alexander
|
|
Batting: RHB Pedro Cabrera
|
0-0: Called Strike 0-1: Ball 1-1: Ball 2-1: Called Strike 2-2: SINGLE (Flyball, 9S)
|
Batting: RHB Steve Burton
|
0-0: Ball 1-0: Ball Pickoff Throw by Catcher to First - Error! E2 Pedro Cabrera to second 2-0: Ball 3-0: Base on Balls
|
Batting: LHB Rubén Salazar
|
0-0: Ball 1-0: Ball 2-0: Ball 3-0: Called Strike 3-1: Called Strike 3-2: Base on Balls Pedro Cabrera to third Steve Burton to second
|
Batting: RHB Rijk de Rade
|
0-0: Called Strike 0-1: Foul Ball, location: 2F 0-2: Foul Ball, location: 2F 0-2: Ball 1-2: Ball 2-2: Foul Ball, location: 2F 2-2: Foul Ball, location: 2F 2-2: Foul Ball, location: 2F 2-2: Foul Ball, location: 2F 2-2: Foul Ball, location: 2F 2-2: Ball 3-2: Foul Ball, location: 2F 3-2: Foul Ball, location: 2F 3-2: SINGLE (Groundball, 56D) Pedro Cabrera scores Steve Burton to third Rubén Salazar to second Runner from 3rd tries for Home, SAFE, throw made home
|
Batting: RHB Allen Brown
|
0-0: Ball 1-0: Grounds into double play, 4-6-3 (Groundball, 4M) Rubén Salazar to third
|
Batting: SHB Mathew Olson
|
0-0: Ball 1-0: Ball 2-0: Foul Ball, location: 2F 2-1: Ball 3-1: Swinging Strike 3-2: Strikes out looking
|
Bottom of the 5th over - 2 runs, 2 hits, 1 error, 1 left on base; Casper 0 - Red Deer 5 |
TOP OF THE 6TH |
Casper Ghosts batting - Pitching for Red Deer Wranglers : RHP Sloan Numbers
|
Batting: SHB Jacob Wilcox
|
0-0: Called Strike 0-1: Foul Ball, location: 2F 0-2: Ball 1-2: Ball 2-2: Foul Ball, location: 2F 2-2: Foul Ball, location: 2F 2-2: SINGLE (Groundball, 6S) (infield hit)
|
Batting: RHB Zhong-xian Pai
|
0-0: Foul Ball, location: 2F 0-1: Ball Jacob Wilcox steals 2nd base 1-1: Foul Ball, location: 2F 1-2: Ball 2-2: Ground out 4-3 (Groundball, 4) Jacob Wilcox to third
|
Batting: RHB Hunter Plunket
|
0-0: Foul Ball, location: 2F 0-1: Ground out 5-3 (Groundball, 56) Jacob Wilcox scores
|
Batting: RHB Troy Reed
|
0-0: Ball 1-0: SINGLE (Line Drive, 4MD)
|
Batting: RHB Robert Acosta
|
0-0: Ball 1-0: Called Strike 1-1: Ground out 5-3 (Groundball, 56)
|
Top of the 6th over - 1 run, 2 hits, 0 errors, 1 left on base; Casper 1 - Red Deer 5 |
BOTTOM OF THE 6TH |
Red Deer Wranglers batting - Pitching for Casper Ghosts : RHP Willie Alexander
|
Pitching: LHP Pablo Solíz
|
|
Batting: LHB Francisco Blanco
|
0-0: Called Strike 0-1: Ball 1-1: Swinging Strike 1-2: Ball 2-2: Strikes out looking
|
Pitching: RHP Michael Peterson
|
|
Batting: RHB Valentín Reyes
|
0-0: Ball 1-0: Foul Ball, location: 2F 1-1: Foul Ball, location: 2F 1-2: Strikes out swinging
|
Pitching: RHP Jesús Cervantes
|
|
Batting: RHB Art Cameron
|
0-0: Called Strike 0-1: Ball 1-1: Ball 2-1: Swinging Strike 2-2: Ball 3-2: Foul Ball, location: 2F 3-2: Base on Balls
|
Batting: RHB Pedro Cabrera
|
0-0: Ball Throwing error on steal attempt, E2 Art Cameron to third 1-0: Ball 2-0: Ball 3-0: Called Strike 3-1: Called Strike 3-2: Base on Balls
|
Batting: RHB Steve Burton
|
0-0: Ball 1-0: Called Strike 1-1: Foul Ball, location: 2F 1-2: Ball 2-2: Ball 3-2: Foul Ball, location: 2F 3-2: Strikes out swinging
|
Bottom of the 6th over - 0 runs, 0 hits, 1 error, 2 left on base; Casper 1 - Red Deer 5 |
TOP OF THE 7TH |
Casper Ghosts batting - Pitching for Red Deer Wranglers : RHP Sloan Numbers
|
Batting: RHB Jerry Browning
|
0-0: Foul Ball, location: 2F 0-1: Ball 1-1: SINGLE (Groundball, 4D)
|
Batting: LHB Ralph Cobb
|
0-0: Ball 1-0: Ball 2-0: Swinging Strike 2-1: SINGLE (Groundball, 34D) Jerry Browning to second Runner from 2nd tries for 3rd, SAFE, throw made to third
|
Batting: LHB Luis Rodríguez
|
0-0: Ball 1-0: Foul Ball, location: 2F 1-1: Grounds into double play, 6-4-3 (Groundball, 6M) Jerry Browning scores
|
Batting: RHB Tommy Allen
|
0-0: Swinging Strike 0-1: Foul Ball, location: 2F 0-2: Strikes out looking
|
Top of the 7th over - 1 run, 2 hits, 0 errors, 0 left on base; Casper 2 - Red Deer 5 |
BOTTOM OF THE 7TH |
Red Deer Wranglers batting - Pitching for Casper Ghosts : RHP Jesús Cervantes
|
Batting: LHB Rubén Salazar
|
0-0: Ball 1-0: Called Strike 1-1: Ball 2-1: Ball 3-1: Swinging Strike 3-2: Base on Balls
|
Batting: RHB Rijk de Rade
|
0-0: Swinging Strike 0-1: Foul Ball, location: 2F 0-2: Fielders Choice at 2nd, 6-4 (Groundball, 6M)
|
Batting: RHB Allen Brown
|
0-0: Ball 1-0: Called Strike 1-1: Ball 2-1: Grounds into double play, 4-6-3 (Groundball, 4M)
|
Bottom of the 7th over - 0 runs, 0 hits, 0 errors, 0 left on base; Casper 2 - Red Deer 5 |
TOP OF THE 8TH |
Casper Ghosts batting - Pitching for Red Deer Wranglers : RHP Sloan Numbers
|
Batting: SHB Jacob Wilcox
|
0-0: Ball 1-0: Called Strike 1-1: Ball 2-1: Ball 3-1: Called Strike 3-2: Strikes out looking
|
Batting: RHB Zhong-xian Pai
|
0-0: Ball 1-0: Called Strike 1-1: Called Strike 1-2: Ball 2-2: Strikes out looking
|
Batting: RHB Hunter Plunket
|
0-0: Ball 1-0: Foul Ball, location: 2F 1-1: Ball 2-1: Ball 3-1: Foul Ball, location: 2F 3-2: Foul Ball, location: 2F 3-2: Foul Ball, location: 2F 3-2: Foul Ball, location: 2F 3-2: Base on Balls
|
Pitching: RHP Raúl Zumaya
|
|
Batting: RHB Troy Reed
|
0-0: Called Strike 0-1: Ball 1-1: Ball 2-1: Foul Ball, location: 2F 2-2: Strikes out swinging
|
Top of the 8th over - 0 runs, 0 hits, 0 errors, 1 left on base; Casper 2 - Red Deer 5 |
BOTTOM OF THE 8TH |
Red Deer Wranglers batting - Pitching for Casper Ghosts : RHP Jesús Cervantes
|
Batting: SHB Mathew Olson
|
0-0: Called Strike 0-1: Called Strike 0-2: Strikes out looking
|
Batting: LHB Francisco Blanco
|
0-0: Called Strike 0-1: DOUBLE (Line Drive, 9LM)
|
Batting: RHB Valentín Reyes
|
0-0: Called Strike 0-1: Foul Ball, location: 2F 0-2: Ball 1-2: Foul Ball, location: 2F 1-2: Fly out, F8 (Flyball, 8RS)
|
Batting: RHB Art Cameron
|
0-0: Called Strike 0-1: Foul Ball, location: 2F 0-2: Ball 1-2: Ball 2-2: Fly out, F9 (Flyball, 89M)
|
Bottom of the 8th over - 0 runs, 1 hit, 0 errors, 1 left on base; Casper 2 - Red Deer 5 |
TOP OF THE 9TH |
Casper Ghosts batting - Pitching for Red Deer Wranglers : RHP Raúl Zumaya
|
Pitching: RHP Pat Hardy
|
|
Batting: RHB Robert Acosta
|
0-0: Foul Ball, location: 2F 0-1: Swinging Strike 0-2: Reached on error, E5 (Groundball, 56)
|
Batting: RHB Jerry Browning
|
0-0: Ball 1-0: Ball 2-0: Called Strike 2-1: Ball 3-1: SINGLE (Groundball, 6MD) Robert Acosta to third
|
Batting: LHB Ralph Cobb
|
0-0: Swinging Strike 0-1: Fielders Choice at 2nd, 3-6 (Groundball, 3) Robert Acosta scores
|
Batting: LHB Luis Rodríguez
|
0-0: Ball 1-0: Ball 2-0: Foul Ball, location: 2F 2-1: Ball 3-1: Called Strike 3-2: Strikes out swinging Ralph Cobb is caught stealing 2nd base Batter strikes out.
|
Top of the 9th over - 1 run, 1 hit, 1 error, 0 left on base; Casper 3 - Red Deer 5 |
|